 Dungeon Crawl Stone Soup version 0.31-a0-881-ge136f0c47a (webtiles) character file.

Game seed: 14584804469168038744

4 Kurtz the Sneak (level 1, -1/21 HPs)
             Began as a Naga Delver on Oct 15, 2023.
             Slain by an orc
             ... wielding a +0 morningstar
              (3 damage)
             ... on level 4 of the Dungeon.
             The game lasted 00:00:43 (266 turns).

Kurtz the Sneak (Naga Delver)                        Turns: 266, Time: 00:00:44

Health: -1/21      AC:  5    Str: 14    XL:     1   Next: 60%
Magic:  1/1        EV:  1    Int: 10    God:
Gold:   20         SH:  0    Dex: 12    Spells: 0/0 levels left

rFire   . . .        a - +0 hand axe
rCold   . . .        (no shield)
rNeg    . . .        i - +0 plate armour
rPois   +            (no helmet)
rElec   .            (no cloak)
rCorr   .            (no gloves)
SInv    +            (no barding)
Will    .....        (no amulet) Stlth
                     (no ring)
HPRegen 0.23/turn    (no ring)
MPRegen 0.07/turn

%: no passive effects
@: very slow
A: AC +0, large, see invisible, deformed body, poison resistance, slowness 2,
spit poison 1, naga tail 1
a: Spit Poison


You were on level 4 of the Dungeon.
You visited 1 branch of the dungeon, and saw 2 of its levels.

You collected 20 gold pieces.

Inventory:

Hand Weapons
 a - a +0 hand axe (weapon)
Armour
 b - a +0 leather armour
 i - a +0 plate armour (worn)
 j - a scarf of harm
Wands
 g - a wand of digging (3)
Scrolls
 c - a scroll of fog
 d - a scroll of revelation
 e - a scroll of fear
 k - a scroll of noise {unknown}
Potions
 f - a potion of haste
 h - a potion of mutation {unknown}


   Skills:
 - Level 3.0 Fighting
 * Level 2.4 Axes
 - Level 1.5 Dodging
 - Level 7.2 Stealth


You couldn't memorise any spells.
You didn't know any spells.
Your spell library was empty.

Dungeon Overview and Level Annotations

Branches:
Dungeon (5/15)
 Temple: D:4-7

Altars:
Cheibriados


Innate Abilities, Weirdness & Mutations

Your serpentine skin is tough. (AC +0)
You have supernaturally acute eyesight. (SInv)
Armour fits poorly on your strangely shaped body.
Your system is resistant to poisons. (rPois)
You cover ground very slowly.
You can spit poison.
You have a snake-like lower body.


Message History

The orc hits you with a +0 club.
You are too injured to fight recklessly!
You are too injured to fight recklessly!
Unknown command.
You hit the orc.
The orc is heavily wounded.
The orc hits you with a +0 club.
You are too injured to fight recklessly!
You hit the orc.
You kill the orc!
Things that are here:
a +0 club; an orc corpse You start resting.
HP restored.
You start removing your armour.
You continue taking off your +0 leather armour. x4
You finish taking off your +0 leather armour.
You start putting on your armour.
You continue putting on your +0 plate armour. x5
You finish putting on your +0 plate armour.
You now have 20 gold pieces.
The orc shouts!
Found a flail.
Found a stone staircase leading up.
The orc hits you with a +0 morningstar!
You closely miss the orc. The orc hits you with a +0 morningstar!
You are too injured to fight recklessly!
You are too injured to fight recklessly!
You hit the orc.
The orc is severely wounded.
The orc hits you with a +0 morningstar.
* * * LOW HITPOINT WARNING * * *
You are too injured to fight recklessly!
You closely miss the orc.
The orc is severely wounded.
The orc hits you with a +0 morningstar.
* * * LOW HITPOINT WARNING * * *
You hit the orc.
The orc is almost dead.
The orc hits you with a +0 morningstar.
You die...

.......###.#..... #...
.........###.#....###...
.........##....##.##...#
...............#...#...#
............#..# ......
............##.##.......
....(...........###.....
......$.....##..####....
......o@....#..##....#.#
.......##.........# ..#
......##.........###....
......(.....#....#.#....
.).....##..###..........
....... #...####........
<...## #..##.....####..
##.. #.........).##
#......##.)..#


You could see an orc.

Vanquished Creatures
  An orc (D:4)
  A goblin (D:4)
  A kobold (D:4)
3 creatures vanquished.

Notes
Turn   | Place    | Note
-------+----------+-------------------------------------------
     0 | D:5      | Kurtz the Naga Delver began the quest for the Orb.
     0 | D:5      | Reached XP level 1. HP: 21/21 MP: 1/1
     5 | D:5      | Found a snail-covered altar of Cheibriados.
    33 | D:5      | Noticed a jelly
   266 | D:4      | Slain by an orc

Illustrated notes

Levels and vault maps discovered:
D:4:      layout_cave_pools
D:5:      layout_cave_pools, lemuel_zombie_altar_kikubaaqudgha,
          kennysheep_slug_shrine, uniq_crazy_yiuf_cottage

Action                     || total
---------------------------++-------
  Melee: Hand axe          ||    13
 Armour: Leather armour    ||    12
         Plate armour      ||     5
  Dodge: Dodged            ||     1

Table legend: (Time is in decaauts)
 A = Elapsed time spent in this place.
 B = Non-inter-level travel time spent in this place.
 C = Inter-level travel time spent in this place.
 D = Time resting spent in this place.
 E = Time spent auto-exploring this place.
 F = Levels seen in this place.
 G = Mean time per level.
                   A        B        C        D        E       F      G
               +--------+--------+--------+--------+--------+-----+--------+
         Total |    324 |    324 |      0 |     96 |     24 |   2 |  162.0 |
       Dungeon |    324 |    324 |      0 |     96 |     24 |   2 |  162.0 |
               +--------+--------+--------+--------+--------+-----+--------+

Top non-repeatable levels by time:
     D:4: 256 daAuts
     D:5: 67 daAuts
